Map: Аура смерти РВ

Players

Spear

  • Race: Zerg Zerg
  • League: Master
  • Spawn Location: 5:00

IIIIIIIIIIII - Winner!

  • Race: Terran Terran
  • League: Master
  • Spawn Location: 11:00

VOD

Have the link to the VOD?

Description

Time

  • Played on: Sept. 23, 2020, 11:51 a.m.
  • Length: 9:31
Show
View Real Time Build Order
Export as new Build Order

Spear Zerg 

Build Orders: Hatch First 

Get SALT Encoding   

  12  0:00  Drone  
  13  0:12  Overlord  
  13  0:16  Drone  
  14  0:30  Drone x2  
  16  0:47  Hatchery  
  15  0:50  Drone  
  15  0:53  Drone  
  15  0:56  Drone  
  18  1:08  Extractor  
  17  1:13  Spawning Pool  
  17  1:14  Drone  
  17  1:18  Drone  
  18  1:27  Drone  
  19  1:39  Drone  
  20  1:49  Drone  
  21  1:59  Queen x2  
  21  2:00  Zergling x2  
  26  2:01  Overlord  
  26  2:10  Zergling x2  
  27  2:16  Hatchery  
  27  2:21  Drone x2  
  28  2:27  Drone  
  29  2:34  Drone  
  30  2:40  Drone  
  30  2:41  Metabolic Boost  
  31  2:48  Queen  
  33  2:57  Overlord  
  33  2:58  Drone x2  
  33  2:59  Drone  
  36  3:14  Overlord, Pneumatized Carapace  
  36  3:16  Drone  
  36  3:17  Drone x3  
  40  3:23  Drone x2  
  42  3:34  Queen, Drone  
  43  3:35  Queen  
  43  3:40  Zergling x8  
  51  3:47  Zergling x2  
  51  3:48  Overlord  
  52  3:52  Overlord  
  52  4:01  Drone x5  
  57  4:13  Drone x2  
  57  4:14  Overlord  
  59  4:21  Drone  
  59  4:22  Baneling Nest  
  59  4:37  Zergling x2  
  59  4:38  Zergling x12  
  66  4:40  Lair  
  66  4:43  Queen x2  
  66  4:45  Evolution Chamber  
  69  4:46  Evolution Chamber  
  69  4:47  Overlord x2  
  69  4:48  Drone x3  
  71  5:02  Zergling x8  
  71  5:03  Zergling x6  
  78  5:20  Drone x7  
  72  5:35  Zerg Ground Armor Level 1  
  72  5:37  Extractor  
  72  5:39  Extractor, Zergling x12  
  72  5:41  Extractor x2  
  74  5:46  Extractor  
  74  5:49  Hatchery  
  72  5:50  Drone x3  
  72  5:56  Zergling x4  
  72  6:08  Drone x5  
  77  6:11  Zerg Melee Weapons Level 1  
  77  6:12  Drone  
  76  6:22  Zergling x10  
  79  6:32  Drone x5  
  84  6:33  Centrifical Hooks  
  84  6:44  Drone x3  
  85  6:50  Overlord, Hatchery  
  85  6:51  Overlord  
  84  6:58  Zergling x10  
  88  7:02  Zergling x2  
  88  7:03  Zergling x4  
  88  7:07  Zergling x6  
  94  7:08  Baneling x2  
  94  7:09  Baneling x8, Spore Crawler x2  
  94  7:14  Zergling x6  
  94  7:21  Zergling x2  
  94  7:22  Zergling x8  
  84  7:27  Baneling, Zergling x2  
  83  7:30  Queen  
  83  7:34  Zergling x2  
  83  7:35  Zergling x10  
  82  7:43  Baneling x7  
  72  7:48  Zergling x12  
  61  8:05  Zergling x2  
  55  8:10  Zergling x10  
  55  8:16  Zergling x8  
  55  8:17  Baneling Nest  
  58  8:21  Zergling x6  
  58  8:25  Zergling x4  
  58  8:26  Spawning Pool  
  61  8:28  Queen  
  61  8:33  Zergling x2  
Show
View Real Time Build Order
Export as new Build Order

IIIIIIIIIIII Terran - Winner!

Build Orders: Reaper Expand 

Get SALT Encoding   

  12  0:00  SCV  
  13  0:12  SCV  
  14  0:17  Supply Depot  
  14  0:24  SCV  
  15  0:38  SCV  
  15  0:40  Barracks  
  16  0:44  Refinery  
  16  0:50  SCV  
  17  1:02  SCV  
  18  1:14  SCV  
  19  1:29  Reaper, Orbital Command  
  20  1:40  Command Center  
  20  1:51  Barracks  
  20  1:56  SCV  
  21  2:01  Barracks Reactor  
  21  2:09  SCV  
  21  2:13  Supply Depot  
  21  2:15  Refinery  
  22  2:25  Factory, SCV  
  23  2:37  SCV  
  23  2:39  Marine x2  
  23  2:40  Barracks Tech Lab  
  26  2:49  SCV  
  27  2:55  Orbital Command  
  26  2:59  Marine, Stimpack  
  26  3:01  Marine  
  26  3:05  Marine  
  29  3:08  SCV  
  30  3:16  Starport  
  30  3:22  Factory Reactor  
  30  3:24  Marine  
  31  3:27  Marine x2  
  31  3:32  SCV x2  
  35  3:37  Supply Depot  
  35  3:42  Marine  
  35  3:45  Marine x2, SCV x2  
  40  3:57  SCV x2  
  40  4:00  Marine  
  40  4:01  Supply Depot  
  43  4:03  Marine x2  
  43  4:07  Medivac x2  
  43  4:09  Widow Mine  
  51  4:12  SCV x2  
  53  4:17  Marine  
  53  4:23  Marine x2  
  56  4:26  Engineering Bay  
  56  4:28  SCV x2  
  58  4:34  Engineering Bay  
  58  4:35  Marine  
  58  4:36  Supply Depot  
  59  4:44  Combat Shield  
  59  4:45  Factory Reactor  
  59  4:47  SCV x2  
  59  4:48  Barracks  
  61  4:56  Marine  
  61  4:57  Marine x2  
  64  5:02  Supply Depot  
  64  5:04  SCV x2, Supply Depot  
  66  5:12  Terran Infantry Armor Level 1, Terran Infantry Weapons Level 1  
  66  5:27  Marine  
  66  5:28  Marine x2  
  68  5:29  Hellion x2  
  68  5:30  SCV x2  
  68  5:33  Supply Depot  
  72  5:40  Marine x2  
  74  5:43  SCV x2  
  74  5:46  Supply Depot  
  74  5:47  Marine x3  
  79  5:50  Hellion x2  
  82  5:58  Marine x2  
  82  6:05  Marine  
  82  6:08  Armory  
  83  6:13  Supply Depot, Command Center  
  83  6:16  Marine x3  
  87  6:25  Hellion  
  87  6:26  Medivac, Hellion  
  87  6:29  Marine  
  87  6:30  Marine  
  91  6:39  Marine x3  
  93  6:43  SCV x2  
  96  6:47  Marine  
  96  6:52  Marine  
  98  6:57  Marine x3  
  98  6:59  Starport Reactor  
  98  7:00  Hellion x2  
  105  7:04  Refinery  
  105  7:05  Marine, Refinery  
  106  7:26  Marine x5  
  106  7:27  Hellion x2  
  106  7:29  Orbital Command  
  115  7:31  Barracks  
  115  7:33  Barracks  
  99  7:46  Marine x4  
  99  7:49  Hellion  
  99  7:50  Hellion  
  107  7:52  Medivac  
  107  7:53  Medivac  
  111  8:04  Marine x2  
  111  8:05  Marine x3  
  106  8:18  Orbital Command  
  107  8:22  Barracks Reactor, Medivac x2, Marine x4  
  114  8:27  SCV x2  
  114  8:31  Barracks Reactor  
  117  8:39  SCV x2  
  115  8:52  Medivac x2  
Tags
 
Add a new tag
Caveats
  • Supply blocks, unpowered buildings, or Contaminate may cause inaccurate times.
  • Supply counts are checked every 10 seconds.